 Dungeon Crawl Stone Soup version 0.30-a0-862-g1aabd4f9c5 (webtiles) character file.

Game seed: 3034061190338348207

5384 NinjaNoafa the Fighter (level 10, -1/100 HPs)
             Began as a Hill Orc Monk on Mar 8, 2023.
             Was a Believer of Fedhas.
             Killed by an exploding raiju (15 damage)
             ... ignited by their inner flame
             ... on level 1 of the Abyss.
             The game lasted 00:22:08 (7986 turns).

NinjaNoafa the Fighter (Hill Orc Monk)              Turns: 7986, Time: 00:22:09

Health: -1/100     AC: 15    Str: 18 (20) XL:     10   Next: 66%
Magic:  14/14      EV: 11    Int:  9 (10) God:    Fedhas [**....]
Gold:   543        SH:  0    Dex: 12 (13) Spells: 9/9 levels left

rFire   + . .      SeeInvis +    a - +2 whip (distort)
rCold   . . .      Faith    +    (no shield)
rNeg    + . .      Spirit   .    l - +6 ring mail of the Exiled Allies {rElec Will+ Str-2}
rPois   .          Reflect  .    (no helmet)
rElec   +          Rampage  .    (no cloak)
rCorr   .                        d - +0 pair of gloves
Will    +....                    (no boots)
Stlth   +                        i - amulet "Dofoteon" {Faith *Corrode rF+ rN+ Str+3}
HPRegen 0.36/turn                k - +4 ring of protection
MPRegen 0.14/turn                p - ring of see invisible

@: about to teleport, corroded
A: no striking features
a: Renounce Religion, Wall of Briars


You were on level 1 of the Abyss.
You worshipped Fedhas.
Fedhas was pleased with you.
You visited 2 branches of the dungeon, and saw 9 of its levels.
You visited the Abyss 1 time.

You collected 543 gold pieces.

Inventory:

Hand Weapons
 a - a +2 whip of distortion (weapon)
Missiles
 c - 5 poisoned darts (quivered)
Armour
 d - a +0 pair of gloves (worn)
 l - the +6 ring mail of the Exiled Allies (worn) {rElec Will+ Str-2}
   (You found it on level 2 of the Dungeon)

   Str:       It affects your strength (-2).
   rElec:     It insulates you from electricity.
   Will:      It increases your willpower.
Jewellery
 i - the amulet "Dofoteon" (around neck) {Faith *Corrode rF+ rN+ Str+3}
   (You acquired it on level 6 of the Dungeon)

   [amulet of faith]

   It allows you to gain divine favour quickly.
   Str:       It affects your strength (+3).
   rF:        It protects you from fire.
   rN:        It protects you from negative energy.
   *Corrode:  It may corrode you when you take damage.
 k - a +4 ring of protection (left hand)
 p - a ring of see invisible (right hand)
 t - a ring of poison resistance
Wands
 C - a wand of charming (10)
Scrolls
 e - 2 scrolls of noise
 f - a scroll of poison
 j - a scroll of fear
 n - a scroll of torment {unknown}
 o - a scroll of summoning {unknown}
 q - 2 scrolls of teleportation
 s - a scroll of silence {unknown}
 u - a scroll of enchant armour {unknown}
 v - a scroll of brand weapon {unknown}
 w - a scroll of enchant weapon
 x - 2 scrolls of immolation
 A - a scroll of magic mapping {unknown}
Potions
 g - a potion of mutation
 h - a potion of flight
 m - 2 potions of brilliance
 r - 2 potions of attraction
 D - a potion of magic


   Skills:
 + Level 12.8 Fighting
 - Level 0.6 Maces & Flails
 - Level 4.1 Polearms
 + Level 11.1 Armour
 - Level 2.4 Dodging
 - Level 1.5 Stealth
 - Level 6.0 Invocations


You had 9 spell levels left.
You didn't know any spells.
Your spell library contained the following spells:

 Spells                   Type           Power      Damage    Failure   Level
 Call Canine Familiar     Summ           0%         N/A       88%         3
 Portal Projectile        Hex/Tloc       0%         N/A       88%         3
 Leda's Liquefaction      Hex/Erth       0%         N/A       99%         4


Dungeon Overview and Level Annotations

Branches:
Dungeon (8/15)             Temple (1/1) D:7            Lair (0/5) D:8

Altars:
Ashenzari
Cheibriados
Dithmenos
Elyvilon
Fedhas
Gozag
Hepliaklqana
Kikubaaqudgha
Makhleb
Okawaru
Qazlal
Ru
Sif Muna
Trog
Uskayaw
Vehumet
Wu Jian
Xom
Yredelemnul
Zin
The Shining One

Shops:
D:2 =   D:3 (((   D:4 :

Annotations:
D:6 1 runed translucent door, Crazy Yiuf
Abyss:1 Prince Ribbit


Message History

The raiju bursts into living lightning!
The living lightning hits you. You resist.
* * * LOW HITPOINT WARNING * * *
The raiju blinks!
The raiju bites you but does no damage. x2
Unknown command.
Unknown command.
The raiju attacks as you move away! The raiju bites you but does no damage.
The raiju bites you.
* * * LOW HITPOINT WARNING * * *
The raiju shocks you. You resist.
* * * LOW HITPOINT WARNING * * *
You feel better. The raiju completely misses you.
The raiju bites you but does no damage.
You feel better. The raiju misses you.
The raiju bursts into living lightning!
The living lightning hits you. You resist.
* * * LOW HITPOINT WARNING * * *
The raiju blinks!
You feel better. The raiju misses you. x2
You hit the raiju but do no damage.
The raiju is heavily wounded.
The raiju blinks!
The raiju bites you but does no damage.
The raiju bursts into living lightning!
The living lightning hits you. You resist.
* * * LOW HITPOINT WARNING * * *
The raiju blinks! x2
Unknown command.
You miss the raiju.
The raiju is severely wounded.
The raiju closely misses you. The raiju barely misses you.
You hit the raiju but do no damage.
Space warps around the raiju.
Flame seeps out of the raiju.
The raiju is almost dead.
The raiju bites you but does no damage.
The raiju is engulfed in blazing flames.
Fedhas appreciates your contribution to the ecosystem.
The raiju explodes!
The fiery explosion engulfs you! You resist.
You die...
Fedhas appreciates your contribution to the ecosystem.

# . . ...§ #
# . .#...# .
#. #.#.. # .
.##..##.. ..
#....§#..#.
#.
.##....#.h#.
.
.#.#.#...h#.#
#
#....##.§h##
. . #..##○@#
.# ....~
#..### .#
.... .#.## .
.# ...P#.##
.. #
......##.#..
..# .##....
.h ... .
#.#... ##....
# #.#. # ..##
# .~..## #.##


You could see 3 raiju.

Vanquished Creatures
  Pikel (D:4)
  A rime drake (Abyss:1)
  A raiju (Abyss:1)
  Eustachio (D:6)
  A steam dragon (Abyss:1)
  A water moccasin (D:8)
  A sky beast (D:7)
  Duvessa (D:4)
  A black bear (D:7)
  5 ice beasts
  A small abomination (Abyss:1)
  An ogre (D:4)
  A wolf (D:8)
  A centaur (D:5)
  3 phantoms
  A gnoll sergeant (D:5)
  2 bullfrogs
  6 scorpions
  6 wights (D:8)
  Dowan (D:4)
  A howler monkey (D:7)
  3 hounds
  A jelly (D:4)
  3 orc priests
  2 sleepcaps
  A gnoll bouda (D:4)
  4 iguanas
  4 orc wizards
  7 gnolls
  5 adders
  2 shadow imps
  A white imp (D:7)
  2 ufetubi (D:5)
  2 dart slugs (D:1)
  15 orcs
  9 ball pythons
  14 bats
  4 endoplasms
  4 giant cockroaches
  2 goblins
  6 hobgoblins
  2 jackals (D:3)
  A quokka (D:3)
  6 frilled lizards
  8 kobolds
  4 rats (D:1)
150 creatures vanquished.

Vanquished Creatures (others)
  A polar bear (D:8)
  A wolf (D:8)
  10 fungi
  2 plants (D:5)
14 creatures vanquished.

Grand Total: 164 creatures vanquished

Notes
Turn   | Place    | Note
-------+----------+-------------------------------------------
     0 | D:1      | NinjaNoafa the Hill Orc Monk began the quest for the Orb.
     0 | D:1      | Reached XP level 1. HP: 19/19 MP: 1/1
    78 | D:1      | Reached XP level 2. HP: 20/26 MP: 2/2
   292 | D:1      | Reached skill level 1 in Armour
   292 | D:1      | Reached XP level 3. HP: 25/33 MP: 3/3
   348 | D:1      | Reached skill level 4 in Fighting
  1067 | D:2      | Identified the +6 ring mail of the Exiled Allies {rElec
                  | Will+ Str-2}
  1154 | D:2      | Found Ring's Jewellery Emporium.
  1763 | D:3      | Found a broken altar of Ashenzari.
  1812 | D:3      | Reached XP level 4. HP: 41/41 MP: 4/4
  1874 | D:3      | Found Vakoarghaa's Weapon Boutique.
  1966 | D:3      | Found Iluesm's Weapon Emporium.
  1978 | D:3      | Found Estra's Antique Weapon Boutique.
  2362 | D:4      | Noticed Duvessa
  2364 | D:4      | Noticed Dowan
  2367 | D:4      | Noticed a scorpion
  2378 | D:4      | Killed Duvessa
  2379 | D:4      | Reached skill level 5 in Fighting
  2379 | D:4      | Reached XP level 5. HP: 33/48 MP: 5/5
  2386 | D:4      | Killed Dowan
  2419 | D:4      | Reached skill level 6 in Fighting
  2419 | D:4      | Reached XP level 6. HP: 57/57 MP: 6/6
  2440 | D:4      | Found Oruilomo's Tremendous Tomes.
  2555 | D:4      | Reached XP level 7. HP: 49/64 MP: 7/7
  2642 | D:4      | Noticed Pikel
  2663 | D:4      | Killed Pikel
  2664 | D:4      | Reached skill level 8 in Fighting
  2664 | D:4      | Reached XP level 8. HP: 58/75 MP: 8/8
  2951 | D:4      | Reached skill level 9 in Fighting
  3343 | D:5      | Entered Level 5 of the Dungeon
  3899 | D:5      | Found a blossoming altar of Fedhas.
  4204 | D:5      | Reached skill level 10 in Fighting
  4204 | D:5      | Reached XP level 9. HP: 81/85 MP: 9/9
  4893 | D:6      | Noticed Eustachio
  4932 | D:6      | Killed Eustachio
  4943 | D:6      | Identified a scroll of acquirement
  4945 | D:6      | Acquired the amulet "Dofoteon" {Faith *Corrode rF+ rN+
                  | Str+3}
  4999 | D:6      | Found a runed translucent door.
  5000 | D:6      | Noticed Crazy Yiuf
  5177 | D:6      | Noticed Prince Ribbit
  5184 | D:6      | Banished Prince Ribbit
  5270 | D:6      | Found a shimmering blue altar of Sif Muna.
  5276 | D:6      | Reached skill level 11 in Fighting
  5529 | D:6      | Found a shadowy altar of Dithmenos.
  6112 | D:7      | Found a glowing silver altar of Zin.
  6153 | D:7      | Found a radiant altar of Vehumet.
  6229 | D:7      | Identified the +1 robe of Lust {Dex+2}
  6423 | D:7      | Reached skill level 10 in Armour
  6466 | D:7      | Found a staircase to the Ecumenical Temple.
  6511 | Temple   | Entered the Ecumenical Temple
  7029 | D:8      | Noticed a rime drake
  7030 | D:8      | Noticed a polar bear
  7252 | D:5      | Became a worshipper of Fedhas Madash
  7252 | D:5      | Reached * piety under Fedhas
  7252 | D:5      | Reached ** piety under Fedhas
  7353 | D:7      | Banished a rime drake
  7354 | D:7      | Reached skill level 12 in Fighting
  7354 | D:7      | Reached XP level 10. HP: 86/97 MP: 10/10
  7457 | D:8      | Found a bloodstained altar of Trog.
  7457 | D:8      | Found a hazy altar of Hepliaklqana.
  7543 | D:8      | Reached skill level 1 in Invocations
  7641 | D:8      | Found a staircase to the Lair.
  7700 | D:8      | Reached skill level 5 in Invocations
  7868 | Abyss:1  | Cast into level 1 of the Abyss (kobold)
  7887 | Abyss:1  | Noticed a sixfirhy
  7980 | Abyss:1  | HP: 3/100 [raiju (5)]
  7980 | Abyss:1  | HP: 1/100 [raiju (2)]
  7986 | Abyss:1  | Killed by an exploding raiju... ignited by their inner
                  | flame

Illustrated notes

Levels and vault maps discovered:
D:1:      denvon_arrival_planthouse, layout_loops_corners
D:2:      layout_basic, serial_shops, nicolae_shop_hallway_stairs
D:3:      cheibrodos_old_hovel, layout_loops_ring, lemuel_round_altar,
          serial_shops, nicolae_shop_statue_plus, shop, nicolae_shop_trees,
          mrwooster_statue_mirror
D:4:      layout_loops_ring, hangedman_feature_mirror,
          nicolae_shop_i_like_big_books, minmay_bisected, uniq_pikel,
          uniq_duvessa
D:5:      old_forge, layout_basic, fedhas_bush_and_centaur_altar
D:6:      layout_basic, mainiacjoe_overflow_concentric_impassable,
          mainiacjoe_overflow_paths, nrook_loot_triangle,
          uniq_crazy_yiuf_cottage, uniq_prince_ribbit1, uniq_eustachio
D:7:      layout_basic, kennysheep_little_box, mainiacjoe_overflow_brackets,
          minmay_temple_entry_overgrown
D:8:      layout_gridville, jmf_multi_god_temple, hellmonk_lair_entry_icy
Temple:   oiseaux_autumnal_temple
Abyss:1:  base: D:8, spicy_abyss_pitcher_plant, base:
D:8

Skill      XL: |  1  2  3  4  5  6  7  8  9 10 |
---------------+-------------------------------+-----
Polearms       | 4 |  4.1
Armour         | 1 3 4 6 8 10 11 | 11.1
Fighting       | 4 5 6 8 10 12 | 12.8
Invocations    | 6 |  6.0
Maces & Flails | |  0.6
Dodging        | |  2.4
Stealth        | |  1.5

Action                     |  1- 3 |  4- 6 |  7- 9 | 10-12 || total
---------------------------+-------+-------+-------+-------++-------
  Melee: Spear             |   143 |       |       |       ||   143
         Whip              |     4 |    76 |   368 |   143 ||   591
         Punch             |     1 |       |     5 |     1 ||     7
 Invoke: Wall of Briars    |       |       |       |     1 ||     1
  Evoke: Wand              |       |       |       |     1 ||     1
    Use: Potion            |       |     1 |     1 |     7 ||     9
         Scroll            |       |       |     8 |     4 ||    12
   Stab: Sleeping          |     3 |       |       |       ||     3
         Held in net/web   |       |       |     1 |       ||     1
 Armour: Robe              |     3 |       |       |       ||     3
         Ring mail         |    34 |    55 |   287 |   109 ||   485
  Dodge: Dodged            |    68 |    48 |   339 |   113 ||   568

Table legend: (Time is in decaauts)
 A = Elapsed time spent in this place.
 B = Non-inter-level travel time spent in this place.
 C = Inter-level travel time spent in this place.
 D = Time resting spent in this place.
 E = Time spent auto-exploring this place.
 F = Levels seen in this place.
 G = Mean time per level.
                   A        B        C        D        E       F      G
               +--------+--------+--------+--------+--------+-----+--------+
         Total |   8026 |   7383 |    643 |    164 |   4753 |  10 |  802.6 |
       Dungeon |   7632 |   7020 |    612 |    164 |   4564 |   8 |  954.0 |
        Temple |    272 |    241 |     31 |      0 |    189 |   1 |  272.0 |
         Abyss |    120 |    120 |      0 |      0 |      0 |   1 |  120.0 |
               +--------+--------+--------+--------+--------+-----+--------+

Top non-repeatable levels by time:
     D:5: 1303 daAuts
     D:6: 1302 daAuts
     D:4: 1168 daAuts
     D:7: 1003 daAuts
     D:1: 994 daAuts
     D:3: 724 daAuts
     D:2: 621 daAuts
     D:8: 514 daAuts
  Temple: 272 daAuts
 Abyss:1: 120 daAuts
